 Dungeon Sprint DCSS version 0.28-a0-429-g1448048969 (webtiles) character file.

Game seed: 834287073402390693

25 dolemite99 the Insei (level 3, -2/28 HPs)
             Began as a Djinni Gladiator on Sept 11, 2021.
             Slain by an ogre (30 damage)
             ... in the Dungeon (Sprint I: "Red Sonja").
             The game lasted 00:00:23 (134 turns).

dolemite99 the Insei (Djinni Gladiator)              Turns: 134, Time: 00:00:24

Health: -2/28      AC:  9    Str: 14    XL:     3   Next: 17%
Gold:   0          EV:  6    Int:  9    God:
                   SH:  0    Dex: 14

rFire   + + .      SeeInvis .     - Unarmed
rCold   x . .      Faith    .   (no shield)
rNeg    . . .      Spirit   .   g - +0 chain mail
rPois   ∞          Reflect  .   b - +0 helmet
rElec   .          Harm     .   (no cloak)
rCorr   .          Rampage  .   (no gloves)
Will    .....      NoTele   +   (boots unavailable)
Stlth   ..........              (no amulet)
HPRegen 0.09/turn               (no ring)
MPRegen 0.00/turn               (no ring)

@: flying, hasted, very quick
A: sickness immunity, fire resistance 2, cold vulnerability 1, float, innate
caster, hp casting, extra vitality 1
a: no special abilities


You were in the Dungeon.
You visited 1 branch

Inventory:

Missiles
 c - 3 throwing nets (quivered)
Armour
 a - a +0 leather armour
 b - a +0 helmet (worn)
 g - a +0 chain mail (worn)
Scrolls
 h - a scroll of blinking
Potions
 d - a potion of curing
 e - a potion of heal wounds


   Skills:
 - Level 2.0 Fighting
 - Level 1.5 Throwing
 - Level 3.2 Dodging
 + Level 6.5 Unarmed Combat


You had one spell level left.
You knew the following spells:

 Your Spells              Type           Power      Damage    Failure   Level
a - Freeze                Ice            0%         1d3       100%        1
Your spell library was empty.


Dungeon Overview and Level Annotations

Branches:
Dungeon (1/1)

Altars:


Innate Abilities, Weirdness & Mutations

You are immune to sickness and miasma.
You are immune to poison.
Your flesh is very heat resistant. (rF++)
You are vulnerable to cold. (rC-)
You float through the air rather than walking.
You learn spells naturally, not from books.
Your magical power is your life essence.
You have superior vitality. (+4 HP)


Message History

You feel stronger.
The power to cast Freeze wells up from within.
Spell assigned to 'a'.
You slam the door shut with a bang, pushing everything out of the way!
You start resting.
You feel a strong urge to attack something.
You are no longer berserk.
You are exhausted.
You feel yourself slow down.
You start resting.
You feel yourself speed up.
You start resting.
You recover from your berserk rage.
You start resting.
HP restored.
Things that are here:
a +0 club; the goblin corpse of Ijyb You reach down and open the door.
There is an open door, spattered with blood here.
You see here a +0 chain mail.
g - a +0 chain mail
There is an open door, spattered with blood here.
You reach down and close the door.
You start removing your armour.
You continue taking off your +0 leather armour. x4
You finish taking off your +0 leather armour.
You start putting on your armour.
You continue putting on your +0 chain mail. x5
You finish putting on your +0 chain mail.
You reach down and open the door.
There is an open door, spattered with blood here.
You reach down and open the door.
An ogre comes into view. It is wielding a +0 giant spiked club.
The ogre shouts!
You feel yourself speed up.
You hit the ogre.
The ogre is lightly wounded.
The ogre hits you with a +0 giant spiked club!!
Ouch! That really hurt!
You die...

##########
#<.#.@O..#
#..'..#..+
#.)#### +#
#..# #..#
#..# #⌠⌠#
####


You could see an ogre.

Vanquished Creatures
  Ijyb (D)
1 creature vanquished.

Vanquished Creatures (others)
  A gargoyle (D)
1 creature vanquished.

Grand Total: 2 creatures vanquished

Notes
Turn   | Place    | Note
-------+----------+-------------------------------------------
     0 | D        | dolemite99 the Djinni Gladiator began the quest for the
                  | Orb.
     0 | D        | Reached XP level 1. HP: 18/18 MP: 0/0
     1 | D        | Noticed Ijyb
    16 | D        | Killed Ijyb
    17 | D        | Reached skill level 6 in Unarmed Combat
    17 | D        | Reached XP level 2. HP: 22/23 MP: 0/0
    17 | D        | Reached XP level 3. HP: 28/28 MP: 0/0
    17 | D        | Learned a level 1 spell: Freeze
    18 | D        | Killed a gargoyle
   132 | D        | Noticed an ogre
   134 | D        | Slain by an ogre

Illustrated notes

Levels and vault maps discovered:
D:        dungeon_sprint_1 [red_sonja_temple_1, red_sonja_temple_small_1]

Skill      XL: |  1 |
---------------+----+-----
Unarmed Combat | 6 |  6.5
Fighting       | |  2.0
Throwing       | |  1.5
Dodging        | |  3.2

Action                   || total
-------------------------++-------
Melee: Unarmed           ||    15
       Punch             ||     1
  Use: Potion            ||     2
Dodge: Dodged            ||     5

Table legend: (Time is in decaauts)
 A = Elapsed time spent in this place.
 B = Non-inter-level travel time spent in this place.
 C = Inter-level travel time spent in this place.
 D = Time resting spent in this place.
 E = Time spent auto-exploring this place.
 F = Levels seen in this place.
 G = Mean time per level.
                   A        B        C        D        E       F      G
               +--------+--------+--------+--------+--------+-----+--------+
         Total |    139 |    139 |      0 |    102 |      1 |   1 |  139.0 |
       Dungeon |    139 |    139 |      0 |    102 |      1 |   1 |  139.0 |
               +--------+--------+--------+--------+--------+-----+--------+

Top non-repeatable levels by time:
       D: 139 daAuts
